 Dungeon Crawl Stone Soup version 0.28-a0-664-gc179e30c89 (webtiles) character file.

Game seed: 7956787048204533397

46 Johnny the Slasher (level 3, 0/43 HPs)
             Began as a Human Berserker on Oct 16, 2021.
             Was a Follower of Trog.
             Slain by an orc (7 damage)
             ... on level 3 of the Dungeon.
             The game lasted 00:00:53 (1071 turns).

Johnny the Slasher (Human Berserker)                Turns: 1071, Time: 00:00:53

Health: 0/43       AC:  8    Str: 18    XL:     3   Next: 95%
Magic:  3/3        EV:  7    Int:  7    God:    Trog [*.....]
Gold:   37         SH:  0    Dex: 12    Spells: 2/2 levels left

rFire   . . .      SeeInvis .   a - +0 falchion
rCold   . . .      Faith    .   (no shield)
rNeg    . . .      Spirit   .   h - +0 chain mail
rPois   .          Reflect  .   (no helmet)
rElec   .          Harm     .   (no cloak)
rCorr   .          Rampage  .   (no gloves)
Will    .....                   (no boots)
Stlth   ..........              (no amulet)
HPRegen 0.14/turn               (no ring)
MPRegen 0.08/turn               (no ring)

@: berserking (expiring), lethally poisoned (0 -> -6), very quick
A: no striking features
a: Renounce Religion, Berserk


You were on level 3 of the Dungeon.
You worshipped Trog.
Trog was aware of your devotion.
You visited 1 branch of the dungeon, and saw 3 of its levels.

You collected 37 gold pieces.

Inventory:

Hand Weapons
 a - a +0 falchion (weapon)
Armour
 h - a +0 chain mail (worn)
Jewellery
 c - a ring of flight
Scrolls
 b - a scroll of immolation {unknown}
 d - a scroll of blinking {unknown}
 f - 3 scrolls of teleportation {unknown}
 g - a scroll of identify {unknown}
Potions
 e - 4 potions of curing {unknown}


   Skills:
 + Level 3.5 Fighting
 * Level 4.1 Long Blades
 - Level 2.0 Armour
 - Level 2.0 Dodging


You had 2 spell levels left.
You didn't know any spells.
Your spell library was empty.

Dungeon Overview and Level Annotations

Branches:
Dungeon (2/15)

Altars:
Fedhas

Annotations:
D:3 Sigmund


Message History

The magic dart hits you but does no damage.
Items here: )) [[ †.
You closely miss the orc wizard.
You feel sick. The orc completely misses you.
The orc wizard hits you but does no damage.
You slash the orc wizard!
The orc wizard is severely wounded.
You feel sick. Sigmund hits you but does no damage.
You are more poisoned.
An orc comes into view. It is wielding a +0 dagger.
The orc completely misses you.
The orc wizard hits you with a +3 dagger.
You completely miss the orc wizard.
The orc wizard is severely wounded.
You feel very sick.
You closely miss the orc wizard.
The orc wizard is severely wounded.
You feel sick. The orc barely misses you. The orc wizard barely misses you.
Sigmund barely misses you.
You hit the orc wizard.
You kill the orc wizard!
Trog accepts your kill.
Trog appreciates your killing of a magic user.
* * * LOW HITPOINT WARNING * * *
You feel sick.
A white imp comes into view.
The orc hits you but does no damage.
Your Long Blades skill increases to level 4!
Found a ring mail.
* * * LOW HITPOINT WARNING * * *
You feel sick. Sigmund barely misses you.
Things that are here:
a +3 dagger; a +0 robe; an orc corpse You closely miss the orc.
* * * LOW HITPOINT WARNING * * *
You feel sick. The orc barely misses you.
You barely miss the orc.
* * * LOW HITPOINT WARNING * * *
You feel sick.
The orc hits you with a +1 trident of venom!
You die...

#
#######.#
+.(.)@oo#
######@5#
#.# ..#
.# .# .
[#


You could see Sigmund, a white imp and 2 orcs.

Vanquished Creatures
  An orc wizard (D:3)
  2 orcs (D:3)
  3 ball pythons
  2 endoplasms
  A giant cockroach (D:1)
  A goblin (D:1)
  A kobold (D:1)
  A quokka (D:1)
  4 bats
  2 frilled lizards (D:1)
  4 rats (D:1)
22 creatures vanquished.

Vanquished Creatures (others)
  3 plants (D:1)
3 creatures vanquished.

Grand Total: 25 creatures vanquished

Notes
Turn   | Place    | Note
-------+----------+-------------------------------------------
     0 | D:1      | Johnny the Human Berserker began the quest for the Orb.
     0 | D:1      | Reached XP level 1. HP: 18/18 MP: 1/1
   117 | D:1      | You fall into a shaft and drop 1 floor!
   143 | D:1      | Reached XP level 2. HP: 15/24 MP: 2/2
   462 | D:1      | Found a faded altar of an unknown god.
   977 | D:2      | Found a blossoming altar of Fedhas.
  1050 | D:2      | You fall into a shaft and drop 1 floor!
  1057 | D:3      | Reached XP level 3. HP: 29/29 MP: 3/3
  1063 | D:3      | Noticed Sigmund
  1069 | D:3      | Reached skill level 4 in Long Blades
  1071 | D:3      | Slain by an orc

Illustrated notes

Levels and vault maps discovered:
D:1:      psy_arrival_wood_between_worlds, layout_basic,
          shapermc_ecumenical_altar_hornbeckon, minmay_misc_feat_rugged
D:2:      layout_rooms, serial_shops, shop_scrolls, basic_altar, hex_medium,
          uniq_crazy_yiuf_cottage
D:3:      layout_basic, hellmonk_ghost_happy_afterlife, serial_shops,
          nicolae_shop_statue_plus, uniq_sigmund, uniq_ijyb

Skill      XL: |  1  2  3 |
---------------+----------+-----
Long Blades    | 4 |  4.1
Fighting       | |  3.5
Armour         | |  2.0
Dodging        | |  2.0

Action                   || total
-------------------------++-------
Melee: Falchion          ||    65
Invok: Berserk           ||     1
Armor: Animal skin       ||    14
       Chain mail        ||    14
Dodge: Dodged            ||    44

Table legend: (Time is in decaauts)
 A = Elapsed time spent in this place.
 B = Non-inter-level travel time spent in this place.
 C = Inter-level travel time spent in this place.
 D = Time resting spent in this place.
 E = Time spent auto-exploring this place.
 F = Levels seen in this place.
 G = Mean time per level.
                   A        B        C        D        E       F      G
               +--------+--------+--------+--------+--------+-----+--------+
         Total |   1080 |   1039 |     41 |    119 |    753 |   3 |  360.0 |
       Dungeon |   1080 |   1039 |     41 |    119 |    753 |   3 |  360.0 |
               +--------+--------+--------+--------+--------+-----+--------+

Top non-repeatable levels by time:
     D:1: 965 daAuts
     D:2: 95 daAuts
     D:3: 19 daAuts
